Cogmind - Beta 13 @@@ ROGUE MODE // 2024.05.18 @ 23:58:49 Player: Cat Result: Destroyed by YA-IVO(R) with Subdweller Beam Cannon Performance ------------- Evolutions (0) 0 Regions Visited (2) 400 Robots Destroyed (19) 95 Value Destroyed (462) 462 Prototype IDs (2) 40 Alien Tech Used (0) 0 Bonus (0) 0 TOTAL SCORE: 997 Bonus ------- None Cogmind --------- Core Integrity 0/250 Matter 290/300 Energy 70/100 System Corruption 0% Temperature Cool (9) Movement Core (750) Ox14 Location -10/Subcaves Parts ------- > --- POWER (1) -------- (None) > --- PROPULSION (2) --- (None) > --- UTILITY (2) ------ High-capacity Storage Unit Signal Interpreter > --- WEAPON (2) ------- Small Laser Particle Gun > --- INVENTORY (20) --- Disposable Heat Sink Subdweller Optics Targeting Computer ECM Suite Propulsion Shielding Scrap Shield Assault Rifle Mining Laser Welding Torch Peak State ------------ > --- POWER ------------ Subdweller Power Source > --- PROPULSION ------- Light Treads > --- UTILITY ---------- High-capacity Storage Unit Signal Interpreter > --- WEAPON ----------- Beam Cannon Mining Claw > --- INVENTORY -------- Targeting Computer ECM Suite Propulsion Shielding Small Laser Particle Gun Assault Rifle Mining Laser Welding Torch Scrap Shield Fragment [Rating: 8] Favorites ----------- Power Light Ion Engine Engine Light Ion Engine Propulsion Light Treads Treads Light Treads Leg Aluminum Leg Utility Signal Interpreter Device Sensor Array Storage High-capacity Storage Unit Processor Signal Interpreter Protection Propulsion Shielding Weapon Mining Claw Energy Gun EM Pulse Gun Energy Cannon Beam Cannon Ballistic Gun Assault Rifle Special Weapon Mining Laser Slashing Weapon Mining Claw Build | -11 -10 -10 ------- Run | Yrd Mat Sub Slots Evolved . | . . . Power . | . . . Propulsion . | . . . Utility . | . . . Weapon . | . . . Parts Attached 25 | 6 16 3 Power 3 | 1 1 1 Engine 3 | 1 1 1 Core . | . . . Reactor . | . . . Propulsion 5 | 2 3 . Treads 3 | . 3 . Leg 2 | 2 . . Wheel . | . . . Hover . | . . . Flight . | . . . Utility 8 | 1 7 . Device 3 | 1 2 . Storage 1 | . 1 . Processor 2 | . 2 . Hackware . | . . . Protection 2 | . 2 . Artifact . | . . . Weapon 9 | 2 5 2 Energy Gun 3 | 1 . 2 Energy Cannon 1 | . 1 . Ballistic Gun 2 | 1 1 . Ballistic Cannon . | . . . Launcher . | . . . Special Weapon 1 | . 1 . Impact Weapon . | . . . Slashing Weapon 2 | . 2 . Piercing Weapon . | . . . Special Melee Weapon . | . . . Unidentified Prototypes . | . . . Parts Lost 7 | . 2 5 Power 2 | . 1 1 Propulsion 3 | . 1 2 Utility . | . . . Weapon 2 | . . 2 Highest Loss Streak 4 | . 1 4 To Critical Strikes . | . . . Average Slot Usage (%) 90 | . 91 79 Engine 7 | . 6 9 Treads 25 | . 26 12 Leg 1 | . 1 . Device 2 | . 3 . Storage 8 | . 8 14 Processor 12 | . 11 14 Protection 4 | . 4 . Energy Gun 1 | . 1 2 Energy Cannon 8 | . 8 12 Ballistic Gun 5 | . 5 . Slashing Weapon 12 | . 12 12 Naked Turns . | . . . Heaviest Build 50 | 8 48 50 Greatest Support 40 | 20 40 40 Greatest Overweight (x) 2 | . 1 2 Average Overweight (x) . | . . 1 Largest Inventory Capacity 20 | 5 20 20 Average Capacity 13 | 5 13 20 Most Carried 12 | 5 9 12 Average Carried 6 | 2 6 10 Final Capacity 20 | 5 20 20 Final Carried 10 | 3 8 10 Class Distribution -------------------- 100% | Mutant Dominant Class ---------------- Mutant | -10/Materials Mutant | -10/Subcaves Resources | -11 -10 -10 ----------- Run | Yrd Mat Sub Matter Collected 488 | 278 200 10 Remotely . | . . . Salvage Created 539 | 74 351 114 Parts 41 | 6 27 8 Haulers Intercepted . | . . . Recyclers Shooed . | . . . Parts Field Recycled . | . . . Retrieved Matter . | . . . Parts Self-Destructed . | . . . Prevented . | . . . Kills | -11 -10 -10 ------- Run | Yrd Mat Sub Combat Hostiles Destroyed 15 | 1 11 3 Melee 3 | . 3 . Guns 7 | 1 4 2 Cannons 4 | . 3 1 Classes Destroyed 5 | 2 2 1 Tunneler 1 | 1 . . Watcher 3 | . 3 . Swarmer 6 | . 6 . Grunt 6 | 1 5 . Subdweller 3 | . . 3 Best Kill Streak 3 | 2 3 2 Combat Bots Only 3 | 1 3 2 Max Kills in Single Turn 1 | 1 1 1 Gunslinging . | . . . Exploded . | . . . Melee 1 | . 1 . Uniques/NPCs Destroyed . | . . . Combat | -11 -10 -10 -------- Run | Yrd Mat Sub Hostile Shots Fired 128 | 10 80 38 Missed 39 | 5 25 9 Damage Taken 1266 | 58 511 697 Core 265 | . 43 222 Absorbed by Shields . | . . . Redirected to Shielding 46 | . 46 . Regen/Repaired (Parts) 20 | . 20 . Core Remaining (%) 100 | 100 . . Volleys Fired 58 | 6 30 22 Largest 2 | 2 2 2 Hottest 125 | 60 60 125 Shots Fired 79 | 12 37 30 Gun 48 | 12 22 14 Cannon 31 | . 15 16 Launcher . | . . . Special . | . . . Kinetic 21 | 6 15 . Thermal 45 | . 15 30 Explosive . | . . . Electromagnetic 13 | 6 7 . Robot Hit Streak 9 | 1 9 9 Robot Miss Streak 2 | 2 2 1 Penetration Max . | . . . Secondary Targets 1 | . 1 . Max Gunslinging Chain 1 | . 1 . Shots Hit Robots 64 | 5 33 26 Core Hits 27 | 3 16 8 Critical Kills . | . . . Critical Parts Destroyed . | . . . Critical Strikes . | . . . Melee Attacks 23 | . 23 . Impact . | . . . Slashing 23 | . 23 . Piercing . | . . . Sneak Attacks . | . . . Combat Hostiles . | . . . Follow-up Attacks . | . . . Damage Inflicted 985 | 76 538 371 Guns 430 | 76 178 176 Cannons 389 | . 194 195 Explosions . | . . . Melee 166 | . 166 . Ramming . | . . . Kinetic 146 | 48 98 . Thermal 565 | . 194 371 Explosive . | . . . Electromagnetic 108 | 28 80 . Impact . | . . . Slashing 166 | . 166 . Piercing . | . . . Highest Corruption . | . . . Average Corruption . | . . . Corruption Purged . | . . . Corruption Blocked . | . . . Overload Shots . | . . . Overflow Damage 6 | . 6 . Projectiles . | . . . Explosions . | . . . Melee 6 | . 6 . Knockbacks . | . . . Impact . | . . . Kinetic . | . . . Secondary . | . . . Self-Inflicted Damage . | . . . Shots . | . . . Rammed . | . . . Targets Rammed . | . . . Kicked . | . . . Crushed . | . . . Highest Temperature 240 | 18 95 240 Average Temperature 43 | 9 40 64 Received Heat Transfer 576 | 30 144 402 Siege Activations . | . . . Robots Corrupted . | . . . Combat Hostiles . | . . . Parts Fried . | . . . Impact Corruptions . | . . . Robots Melted 1 | . 1 . Combat Hostiles 1 | . 1 . Parts Melted . | . . . Heat Transferred 1210 | . 407 803 Parts Sabotaged . | . . . Parts Stolen . | . . . Parts Stripped . | . . . Power Chain Reactions . | . . . Alert | -11 -10 -10 ------- Run | Yrd Mat Sub Peak Influence 133 | 25 133 . Initial 16 | . 16 . Average 36 | 6 37 . Maximum Alert Level . | . . . Low Security (%) 100 | 100 100 . Level 1 . | . . . Level 2 . | . . . Level 3 . | . . . Level 4 . | . . . Level 5 . | . . . High Security . | . . . Max Security . | . . . Squads Dispatched 2 | . 2 . Investigation 2 | . 2 . Extermination . | . . . Reinforcement . | . . . Assault . | . . . Garrison . | . . . Intercept . | . . . Searches Triggered . | . . . Construction Impeded . | . . . Haulers Reinforced . | . . . Active Scanning Responses . | . . . Cargo Convoy Interrupts . | . . . Stealth | -11 -10 -10 --------- Run | Yrd Mat Sub Distress Signals . | . . . Communications Jammed . | . . . Distress Signals . | . . . Times Spotted 27 | 1 13 13 Peak Tracking Total 8 | 1 4 8 Tactical Retreats . | . . . Traps | -11 -10 -10 ------- Run | Yrd Mat Sub Traps Triggered 1 | . 1 . Indirectly . | . . . Trap Hack Attempts . | . . . Triggered . | . . . Disarmed . | . . . Reprogrammed . | . . . Reused . | . . . Traps Extracted . | . . . Installed . | . . . Triggered . | . . . Machines | -11 -10 -10 ---------- Run | Yrd Mat Sub Machines Disabled 2 | . 2 . Max in Single Turn 1 | . 1 . Machines Repaired . | . . . Machines Dismantled . | . . . Machines Sabotaged . | . . . Overloaded Fab Kills . | . . . Hacking | -11 -10 -10 --------- Run | Yrd Mat Sub Machines Accessed 6 | . 6 . Terminals 5 | . 5 . Fabricators . | . . . Repair Stations 1 | . 1 . Recycling Units . | . . . Scanalyzers . | . . . Garrison Access . | . . . Total Hacks 15 | . 15 . Successful 8 | . 8 . Failed 7 | . 7 . Catastrophic 2 | . 2 . Database Lockouts . | . . . Manual . | . . . Terminals 12 | . 12 . Fabricators . | . . . Repair Stations 3 | . 3 . Recycling Units . | . . . Scanalyzers . | . . . Garrison Access . | . . . Terminal Hacks 5 | . 5 . Record 3 | . 3 . Robot Analysis 1 | . 1 . Prototype ID Bank 1 | . 1 . Fabricator Hacks . | . . . Repair Station Hacks 3 | . 3 . Scan Component 2 | . 2 . Repair 1 | . 1 . Recycling Unit Hacks . | . . . Scanalyzer . | . . . Garrison Access Hacks . | . . . Unauthorized Hacks . | . . . Terminals . | . . . Fabricators . | . . . Repair Stations . | . . . Recycling Units . | . . . Scanalyzers . | . . . Garrison Access . | . . . Data Cores Recovered . | . . . Used . | . . . Hacking Detections 4 | . 4 . Full Trace Events 3 | . 3 . Feedback Events . | . . . Feedback Blocked . | . . . Robot Schematics Acquired . | . . . Robots Built . | . . . Authchips . | . . . Time . | . . . Total Robot Build Rating . | . . . Part Schematics Acquired . | . . . Parts Built . | . . . Authchips . | . . . Time . | . . . Total Part Build Rating . | . . . Parts Repaired 1 | . 1 . Time 18 | . 18 . Parts Recycled . | . . . Recycled Matter . | . . . Retrieved Matter . | . . . Retrieved Components . | . . . Parts Scanalyzed . | . . . Part Schematics Acquired . | . . . Parts Damaged . | . . . Bothacking | -11 -10 -10 ------------ Run | Yrd Mat Sub Used RIF Installer . | . . . Robots Hacked . | . . . Non-combat . | . . . Combat . | . . . Robot Hacks Applied . | . . . Relay Couplers Released . | . . . Fabnet Peak Effective % . | . . . Robots Rewired . | . . . Allies Hacked . | . . . Hacks Repelled . | . . . Allies | -11 -10 -10 -------- Run | Yrd Mat Sub Total Allies . | . . . Largest Group . | . . . Highest-Rated Group . | . . . Highest-Rated Ally . | . . . Total Orders . | . . . Ally Attacks . | . . . Total Damage . | . . . Kills . | . . . Allies Corrupted . | . . . Allies Melted . | . . . Intel | -11 -10 -10 ------- Run | Yrd Mat Sub Robot Analysis Total 1 | . 1 . Derelict Logs Recovered . | . . . Drone Launches . | . . . Drone Recoveries . | . . . Exploration | -11 -10 -10 ------------- Run | Yrd Mat Sub Turns Passed 2860 | 136 2485 239 Spaces Moved 1304 | 94 1154 56 Core 20 | 20 . . Treads 1124 | . 1068 56 Legs 160 | 74 86 . Wheels . | . . . Hover . | . . . Flight . | . . . Fastest Speed 50 | 50 120 240 Average Speed 196 | 105 197 318 Slowest Speed 320 | 120 240 320 Overloaded Moves . | . . . Propulsion Burnouts . | . . . Robots Hopped . | . . . Cave-ins Triggered . | . . . Exploration Rate (%) 37 | 6 100 6 Regions Visited 2 Branch Regions 1 Pre-discovered Areas . | . . . Known Exits Taken 1 | . 1 . Unknown Exits Taken 1 | 1 . . Scrap Searched . | . . . Spaces Dug . | . . . Terrain Destroyed . | . . . Melee . | . . . Projectile . | . . . AOE . | . . . Terrain Rammed . | . . . Walls Destroyed . | . . . Machines Disabled . | . . . Actions | -11 -10 -10 --------- Run | Yrd Mat Sub Total 1482 | 120 1275 87 Wait 25 | 2 23 . Move 1302 | 93 1153 56 Hop . | . . . Pick Up 35 | 11 19 5 Fast Attach . | . . . Attach 16 | 6 7 3 Detach . | . . . Swap 9 | . 9 . Drop 14 | 2 11 1 Fire 58 | 6 30 22 Melee 23 | . 23 . Ram . | . . . Kick . | . . . Crush . | . . . Escape Stasis . | . . . Rewire . | . . . Trap . | . . . Miscellaneous . | . . . Route ------- -11/Scrapyard -10/Materials (discovered 5 exits: *Mat x3 / *Min / *Sub) -10/Subcaves History --------- Turn | Location | Event 2 | -11/Scrapyard | Met Revision 17 77 | -11/Scrapyard | Discovered new exit (range 8) 137 | -11/Scrapyard | Entered Materials 238 | -10/Materials | Discovered new exit (range 14) 300 | -10/Materials | Build established: Mutant 768 | -10/Materials | Discovered new exit (range 4) 1316 | -10/Materials | Identified exit to Mines 1578 | -10/Materials | Identified exit to Materials 1780 | -10/Materials | Discovered exit to Materials (range 5) 1828 | -10/Materials | Discovered new exit (range 5) 1838 | -10/Materials | Identified exit to Subcaves 1928 | -10/Materials | Repaired Corrupted Sml. Laser 2145 | -10/Materials | Discovered exit to Materials (range 14) 2622 | -10/Materials | Entered Subcaves 2624 | -10/Subcaves | Ambushed by Subdwellers from Twisted Machinery 2814 | -10/Subcaves | Ambushed by swarm of Subdwellers 2844 | -10/Subcaves | Core integrity fell below 50% 2847 | -10/Subcaves | Core integrity fell below 20% 2861 | -10/Subcaves | Destroyed by YA-IVO(R) with Subdweller Beam Cannon Last Messages --------------- I2-KE4(R) emerges from concealment. Beam Cannon destroyed. Sub. Power Source destroyed. Knocked back. ZJ-A0V(R) destroyed. YA-IVO(R) affixes Scrap Shield Fragment to Scrap Shield. 0K-9JP(R) suffers critical hit (Destroy). HV Slug penetrates 34-NRD(R). 34-NRD(R) suffers critical hit (Destroy). 34-NRD(R) knocked back. 0K-9JP(R) affixes Scrap Shield Fragment to Scrap Shield. ZY-W1D(h) destroyed. Subatomizers dissect the Sub. Beam Cannon. Y2-TJS(R) affixes Scrap Shield Fragment to Scrap Shield. 0K-9JP(R) affixes Scrap Shield Fragment to Scrap Shield. I2-KE4(R) destroyed. Map ----- +----------------------------------------------------+ | ?????????????????????????????????????????????????? | | ?????????????????????????????????????????????????? | | ?????????????????????????????????????????????????? | | ?????????????????????????????????????????????????? | | ?????????????????????????????????????????????????? | | ?????????????????????????????????????????????????? | | ?????????????????????????????????????????????????? | | ????????????? ??????????????????????????????????? | | ????????????? ??????????????????????????????????? | | ??????????### ??????????????????????????????????? | | ?????????? ?????????????????????????????????? | | ?????????? ?????#####????????????????????????? | | ??????????# ????## ????????????????????????? | | ??????????# ???##^ ????????????????????????? | | ??????????# ???#^ ^ #????????????????????????? | | ??????????# #????^ ^ #????????????????????????? | | ??????????# ##???? #????????????????????????? | | ??????????# ###### ^ ####??##?????????????????? | | ???????????# ;; #;% ??";??????????????????? | | ???????????# ;;# !##??? ???????????????????? | | ???????????" [& ##? ##??????????????????? | | ####???#### [% =!RRR##R&#??????????????????? | | #??## # % ! &=*!%!%]#???????????????????? | | #### *%&%%&*#????????????????????? | | " ]&]=##????????????????????? | | "" @##?????????????????????? | | ""## ## " ;; ###??????????????????????? | | ""###### " ## ##????????????????????????? | | % % ##?##" "#### #?????????????????????????? | | ""#??##"""#???# #?????????????????????????? | | # "#???##""#???#""" ##?????????????????????????? | | ## % #????# "#??#"""" #??????????????????????????? | | ?#%"" "" "??? """" ??????????????????????????? | | ? "" """""???? ?""" ??????????????????????????? | | "" "" ???????? ?????????????????????????? | | "" ### ???????? ?????????????????????????? | | ##"##???#"??????? ?????????????????????????? | | #??##????????????? ??????????????????????????? | | #?????????????????? ???????????????????????????? | | ???????????????????? ????????????????????????????? | | ????????????????????#????????????????????????????? | | ?????????????????????????????????????????????????? | | ?????????????????????????????????????????????????? | | ?????????????????????????????????????????????????? | | ?????????????????????????????????????????????????? | | ?????????????????????????????????????????????????? | | ?????????????????????????????????????????????????? | | ?????????????????????????????????????????????????? | | ?????????????????????????????????????????????????? | | ?????????????????????????????????????????????????? | +----------------------------------------------------+ Best States ------------- Heat Dissipation 35 Energy Generation 15 Energy Capacity 200 Matter Stores 300 Matter Capacity 300 Sight Range 16 Robot Scan Range 14 Terrain Scan Density 10 ECM Strength 1 Propulsion Shielding 33 Evasion (%) 55 Recoil Reduction 2 Item Schematics ----------------- None Robot Schematics ------------------ None Fabricated ------------ Nothing Alien Tech Used ----------------- None Achievements -------------- It's Just You Challenges ------------ None Game ------ Seed CloakDisposableShotgun Manual? 0 Play Time 00:30:40 Cumulative 1.0 hours Start 2024.05.18 @ 23:31:04 End 2024.05.18 @ 23:58:49 Sessions 1 Manual Loads 0 Difficulty Rogue Special Mode None Game No. 2 Rogue 2 Adventurer 0 Explorer 0 Win Type - Total 0 Types 0/0/0/0/0/0/0/0/0 Lore% 1 Gallery% 2 Achievement% 1 Wizard Run 0 Options --------- Layout 1 ASCII 0 Keyboard 0 Movement Mouse Keybinds 0 Fullscreen 1 Font 24/Smallcaps Map View 50x35 Zoom Use 0% Tactical HUD 0 Map Filters NONE Filters NONE Steam 1 RUN: 0212d4db-80a9-4e54-a923-3c8383086c1e